 Dungeon Crawl Stone Soup version 0.31.0 (webtiles) character file.

Game seed: 6830874319322321517

20 CaptainMV the Changeling (level 2, -1/25 HPs)
             Began as a Naga Shapeshifter on Jan 19, 2024.
             Slain by Jessica
             ... wielding a +0 dagger
              (3 damage)
             ... on level 2 of the Dungeon.
             The game lasted 00:04:02 (727 turns).

CaptainMV the Changeling (Naga Shapeshifter)         Turns: 727, Time: 00:04:02

Health: -1/25      AC:  1    Str: 16    XL:     2   Next: 79%
Magic:  11/11      EV:  9    Int: 10    God:
Gold:   44         SH:  0    Dex: 10    Spells: 1/1 levels left

rFire   . .          .
                       - Unarmed
rCold   . . .        (no shield)
rNeg    . . .        a - +0 animal skin
rPois   +            (helmet currently unavailable)
rElec   .            (cloak currently unavailable)
rCorr   .            (gloves currently unavailable)
SInv    +            (no barding)
Will    .....        (no amulet)
Stlth   +            i - ring of magical power
HPRegen 0.24/turn    (no ring)
MPRegen 0.12/turn

%: no passive effects
@: mighty, beast-form, very slow
A: beast (slay +2), AC +0, large, see invisible, deformed body, poison
resistance, slowness 2, spit poison 1, naga tail 1
a: Spit Poison, Begin Untransformation


You were on level 2 of the Dungeon.
You were a hulking beast.
You visited 1 branch of the dungeon, and saw 2 of its levels.

You collected 44 gold pieces.

Inventory:

Armour
 a - a +0 animal skin (worn)
Jewellery
 i - a ring of magical power (left hand)
Talismans
 c - a beast talisman
 d - a flux talisman
Scrolls
 e - 2 scrolls of revelation
 h - a scroll of identify
Potions
 b - a potion of lignification
 g - a potion of haste {unknown}


   Skills:
 + Level 1.0 Fighting
 + Level 1.6 Dodging
 + Level 0.1 Stealth
 + Level 3.3 Unarmed Combat
 + Level 3.5 Shapeshifting


You had one spell level left.
You didn't know any spells.
Your spell library contained the following spells:

 Spells                   Type           Power      Damage    Failure   Level
 Apportation              Tloc           0%         N/A       36%         1
 Jinxbite                 Hex            0%         N/A       50%         2
 Alistair's Intoxication  Alch           0%         N/A       100%        5


Dungeon Overview and Level Annotations

Branches:
Dungeon (2/15)

Altars:

Annotations:
D:2 Jessica


Innate Abilities, Weirdness & Mutations

You are a hulking beast.
Your limbs bulge with bestial killing power. (Slay +2)
Your serpentine skin is tough. (AC +0)
You have supernaturally acute eyesight. (SInv)
Armour fits poorly on your strangely shaped body.
Your system is resistant to poisons. (rPois)
You cover ground very slowly.
You can spit poison.
You have a snake-like lower body.


Message History

The adder bites you but does no damage.
You hit the adder.
You kill the adder!
There is a stone staircase leading down here.
Found a scale mail.
Found a sling.
Found a tubular emerald ring.
i - a ring of magical power You feel your magic capacity increase.
i - a ring of magical power (left hand)
You start resting.
Magic restored.
You open the door.
There is an open door here.
There is an open door here.
Found a stone staircase leading up.
Jessica the Apprentice Sorceress comes into view.
She is wielding a +0 dagger.
Jessica shouts!
You hear a shout!
Jessica mumbles some strange words.
Jessica seems to speed up.
Jessica misses you. Jessica hits you with a +0 dagger!
Jessica closely misses you.
You closely miss Jessica. Jessica hits you with a +0 dagger.
You closely miss Jessica. Jessica hits you with a +0 dagger.
You hit Jessica.
Jessica is lightly wounded.
Jessica hits you with a +0 dagger. x2
* * * LOW HITPOINT WARNING * * *
You hit Jessica but do no damage.
Jessica is lightly wounded.
Jessica closely misses you.
You hit Jessica.
Jessica is moderately wounded.
Jessica hits you with a +0 dagger.
* * * LOW HITPOINT WARNING * * *
Jessica hits you with a +0 dagger.
* * * LOW HITPOINT WARNING * * *
You feel very mighty all of a sudden. Jessica hits you with a +0 dagger.
You die...

.##.#.#.. ....#.....
#...^..#.###..##.....
#. #.................
.#..#..........###....
.............#.###...#
#............>.......
#.##..<#.##.#########
#.######...... ...
#..@h...###.### ###.
#######......# #...
#.......##..## #.#.
#............. ...#.
#.......###########.
#...................
#......#############
#......# #......#


You could see Jessica (fast).

Vanquished Creatures
  An adder (D:2)
  2 endoplasms (D:1)
  4 goblins (D:1)
  2 hobgoblins (D:1)
  A kobold (D:1)
10 creatures vanquished.

Notes
Turn   | Place    | Note
-------+----------+-------------------------------------------
     0 | D:1      | CaptainMV the Naga Shapeshifter began the quest for the
                  | Orb.
     0 | D:1      | Reached XP level 1. HP: 18/18 MP: 1/1
   124 | D:1      | Reached XP level 2. HP: 5/25 MP: 2/2
   718 | D:2      | Noticed Jessica
   726 | D:2      | HP: 1/25 [Jessica/+0 dagger (2)]
   727 | D:2      | Slain by Jessica

Illustrated notes

Levels and vault maps discovered:
D:1:      nzn_arrival_depleted_hourglass, layout_basic
D:2:      layout_basic, ebering_ecumenical_altar_petrified, chequers_arboretum,
          uniq_jessica

Action                     || total
---------------------------++-------
  Melee: Unarmed           ||    33
    Use: Scroll            ||     3
         Potion            ||     1
   Stab: Sleeping          ||     1
 Armour: Animal skin       ||    28
  Dodge: Dodged            ||    12
